 Dungeon Crawl Stone Soup version 0.31.0-32-g396128a36d (webtiles) character file.

Game seed: 3394275119671035280

144 mainiacjoe the Slasher (level 5, -9/36 HPs)
             Began as an Octopode Wanderer on Mar 30, 2024.
             Was a High Priest of Ignis.
             Mangled by an iguana (12 damage)
             ... on level 4 of the Dungeon.
             The game lasted 00:05:35 (3036 turns).

mainiacjoe the Slasher (Octopode Wanderer)          Turns: 3036, Time: 00:05:36

Health: -9/36      AC:  1    Str:  9    XL:     5   Next: 26%
Magic:  5/5        EV: 14    Int: 13    God:    Ignis [*****.]
Gold:   48         SH:  0    Dex: 17    Spells: 4/4 levels left

rFire   + . .        a - +0 long sword
rCold   . . .        (no shield)
rNeg    . . .        c - +0 hat
rPois   .            (no amulet)
rElec   .            (no ring)
rCorr   .            (no ring)
SInv    .            (no ring)
Will    .....        (no ring)
Stlth   ++++         (no ring)
HPRegen 0.26/turn    (no ring)
MPRegen 0.09/turn    (no ring)
                     (no ring)

%: no passive effects
@: no status effects
A: almost no armour, amphibious, 8 rings, camouflage 1, gelatinous body 1,
(nimble swimmer 1), tentacles
a: Renounce Religion, Fiery Armour, Foxfire Swarm, Rising Flame


You were on level 4 of the Dungeon.
You worshipped Ignis.
Ignis was extremely pleased with you.
You visited 1 branch of the dungeon, and saw 4 of its levels.

You collected 114 gold pieces.
You spent 66 gold pieces at shops.

Inventory:

Hand Weapons
 a - a +0 long sword (weapon)
 b - a +0 sling
 q - a +0 falchion of freezing
Missiles
 o - 20 stones
Armour
 c - a +0 hat (worn)
Wands
 n - a wand of flame (12)
Scrolls
 g - a scroll of fog
Potions
 d - 2 potions of brilliance
 e - a potion of heal wounds
 f - 2 potions of enlightenment
 h - a potion of degeneration {unknown}
 i - 6 potions of curing
 j - a potion of mutation {unknown}
 k - a potion of might {unknown}
 l - a potion of ambrosia {unknown}
 m - a potion of attraction {unknown}
 p - a potion of lignification


   Skills:
 * Level 3.6 Fighting
 - Level 5.0 Long Blades
 - Level 1.0 Polearms
 * Level 2.9 Dodging
 + Level 4.1 Stealth


You had 4 spell levels left.
You didn't know any spells.
Your spell library contained the following spells:

 Spells                   Type           Power      Damage    Failure   Level
 Ignite Poison            Fire/Alch      0%         N/A       97%         4
 Sticky Flame             Fire/Alch      0%         2d4       97%         4
 Ignition                 Fire           0%         3d3       100%        8


Dungeon Overview and Level Annotations

Branches:
Dungeon (4/15)
 Temple: D:4-7

Altars:
Ignis

Shops:
D:3 !


Innate Abilities, Weirdness & Mutations

You cannot wear most types of armour.
You are amphibious.
You can wear up to eight rings at the same time.
Your skin changes colour to match your surroundings (Stealth+).
Your rubbery body absorbs attacks. (AC +1, EV +1)
((You are camouflaged when in or above water. (Stealth+)))
You have tentacles for arms and can constrict up to eight enemies at once.


Message History

The sling bullet barely misses the adder.
The adder bites you but does no damage. The adder barely misses you.
a - a +0 long sword (weapon)
You slash the adder!
You kill the adder!
No target in view!
No target in view!
b - a +0 sling (weapon)
You see here an adder corpse.
You now have 48 gold pieces (gained 10).
An iguana comes into view.
You shoot a sling bullet.
The sling bullet hits the iguana but does no damage.
You shoot a sling bullet.
The sling bullet completely misses the iguana.
The iguana hisses menacingly.
a - a +0 long sword (weapon)
You barely miss the iguana. You grab the iguana.
You constrict the iguana, but do no damage.
The iguana misses you.
You hit the iguana but do no damage. You constrict the iguana.
The iguana barely misses you.
You barely miss the iguana.
The iguana is lightly wounded.
You constrict the iguana, but do no damage.
The iguana bites you!
You hit the iguana but do no damage.
The iguana is lightly wounded.
You constrict the iguana. The iguana bites you!
* * * LOW HITPOINT WARNING * * *
The iguana bites you!
* * * LOW HITPOINT WARNING * * *
You are too injured to fight recklessly!
You are too injured to fight recklessly!
Unknown command.
You hit the iguana but do no damage.
The iguana is lightly wounded.
You constrict the iguana, but do no damage.
The iguana bites you!
You die...

### #########.#
#<....†...#
#########.# #.#
#.# #.# #.###
#@..#
......l........
#######.#######
#.# ..# ###


You could see an iguana.

Vanquished Creatures
  A bombardier beetle (D:3)
  3 adders
  A ribbon worm (D:2)
  A dart slug (D:2)
  9 orcs (D:3)
  5 endoplasms
  2 giant cockroaches
  6 hobgoblins
  2 quokkas
  6 ball pythons
  3 bats
  2 frilled lizards
  6 goblins
  12 kobolds
  3 rats
62 creatures vanquished.

Notes
Turn   | Place    | Note
-------+----------+-------------------------------------------
     0 | D:1      | mainiacjoe the Octopode Wanderer began the quest for the
                  | Orb.
     0 | D:1      | mainiacjoe set off with the following items: a +0 long
                  | sword, a +0 spear, a +0 hat, a potion of brilliance.
     0 | D:1      | Reached XP level 1. HP: 14/14 MP: 1/1
   344 | D:1      | Reached XP level 2. HP: 2/19 MP: 2/2
   427 | D:1      | Reached skill level 1 in Dodging
   733 | D:1      | Reached XP level 3. HP: 25/25 MP: 3/3
  1204 | D:2      | Found a faded altar of an unknown god.
  1226 | D:2      | Prayed at the altar of an unknown god.
  1226 | D:2      | Became a worshipper of Ignis, the Dying Flame
  1889 | D:3      | Found Wuileber's Distillery.
  1909 | D:3      | Bought a potion of curing for 33 gold pieces
  1909 | D:3      | Bought a potion of lignification for 33 gold pieces
  1954 | D:3      | Reached XP level 4. HP: 29/31 MP: 4/4
  2503 | D:3      | Reached XP level 5. HP: 36/36 MP: 5/5
  3036 | D:4      | Mangled by an iguana

Illustrated notes

Levels and vault maps discovered:
D:1:      nicolae_arrival_somewhat_less_tricky_arrival, layout_basic,
          minmay_tripent
D:2:      layout_loops_ring, hellmonk_ecumenical_altar_crossroads
D:3:      minmay_diamond_boxcup, layout_loops_ring, serial_shops,
          shop_fountains, chequers_arboretum, kennysheep_pointless_box,
          wad_orctagon
D:4:      layout_basic, temple_pool_b, serial_library_hellmonk_hallway_a

Skill      XL: |  1  2  3  4  5 |
---------------+----------------+-----
Dodging        | 1 2 |  2.9
Stealth        | 3 4 |  4.1
Fighting       | 3 |  3.6
Long Blades    | |  5.0
Polearms       | |  1.0

Action                     |  1- 3 |  4- 6 || total
---------------------------+-------+-------++-------
  Melee: Long sword        |    69 |    47 ||   116
         Constrict         |    19 |    12 ||    31
         Tentacles         |    13 |    11 ||    24
   Fire: Sling             |    18 |     5 ||    23
  Throw: Stone             |    23 |       ||    23
    Use: Scroll            |     5 |     3 ||     8
   Stab: Sleeping          |     5 |     7 ||    12
 Armour: Skin              |    31 |    16 ||    47
  Dodge: Dodged            |    45 |    24 ||    69
